 Dungeon Crawl Stone Soup version 0.26-a0-810-ge1a9524b62 (webtiles) character file.

Game seed: 14205096498424933954

798485 robertstho the Conqueror (level 27, -29/409 HPs)
             Began as a Minotaur Fighter on Nov 11, 2020.
             Was the Champion of the Shining One.
             Annihilated by Antaeus
             ... wielding a +1 vampiric short sword
              (50 damage)
             ... on level 7 of Cocytus on Nov 12, 2020.
             The game lasted 02:42:27 (70783 turns).

robertstho the Conqueror (Minotaur Fighter)        Turns: 70783, Time: 02:42:27

Health: -29/409    AC: 44    Str: 37    XL:     27
Magic:  34/38      EV: 13    Int:  6    God:    the Shining One [******]
Gold:   4311       SH:  0    Dex: 24    Spells: 26/26 levels left

rFire    + + +     SeeInvis +   u - +10 battleaxe of the Trees {flame, +Blink Dex+6}
rCold    + + +     Faith    .   (shield currently unavailable)
rNeg     + + +     Spirit   .   s - +9 gold dragon scales
rPois    +         Reflect  .   U - +2 hat {SInv}
rElec    +         Harm     .   t - scarf {repulsion}
rCorr    .         Rampage  .   r - +2 pair of gloves {Dex+3}
MR       ++...                  J - +0 pair of boots of Conscience {*Drain +Fly rElec Str+7 Dex+2}
Stlth    ..........             p - amulet of regeneration
HPRegen  1.18/turn              Z - ring of protection from cold
MPRegen  0.26/turn              X - ring of Xom's Best Wishes {rC+ rN+}

@: berserking (expiring), frozen, glowing, repel missiles, very slow
A: retaliatory headbutt, horns 2, blink, fire resistance 2
}: 4/15 runes: decaying, serpentine, silver, abyssal
a: Blink, Divine Shield, Cleansing Flame, Summon Divine Warrior, Brand Weapon
With Holy Wrath, Renounce Religion, Evoke Blink, Evoke Flight


You were on level 7 of Cocytus.
You worshipped the Shining One.
The Shining One was exalted by your worship.
You visited 12 branches of the dungeon, and saw 56 of its levels.
You visited the Abyss 1 time.
You also visited: Ice Cave and Volcano.

You collected 10338 gold pieces.
You spent 6027 gold pieces at shops.

Inventory:

Hand Weapons
 c - a +0 battleaxe of electrocution
 n - a +7 broad axe of freezing
 u - the +10 battleaxe of the Trees (weapon) {flame, +Blink Dex+6}
   (You took it off a vault sentinel on level 5 of the Vaults)

   It has been specially enchanted to burn those struck by it, causing extra
   injury to most foes and up to half again as much damage against particularly
   susceptible opponents.
   Big, fiery blades are also staple armaments of hydra-hunters.
   It affects your dexterity (+6).
   It lets you blink.
Missiles
 F - 14 curare-tipped darts (quivered)
Armour
 r - a +2 pair of gloves of dexterity (worn)
 s - +9 gold dragon scales (worn)
 t - a scarf of repulsion (worn)
 J - the +0 pair of boots of Conscience (worn) {*Drain +Fly rElec Str+7 Dex+2}
   (You found it on level 3 of the Lair of Beasts)

   It affects your strength (+7).
   It affects your dexterity (+2).
   It insulates you from electricity.
   It lets you fly.
   It causes draining when unequipped.
 U - a +2 hat of see invisible (worn)
 V - the +0 tower shield "Camig" {rElec rPois rCorr Int-3}
   (You took it off Louise on level 3 of the Swamp)

   It affects your intelligence (-3).
   It insulates you from electricity.
   It protects you from poison.
   It provides partial protection from all sources of acid and corrosion.
Jewellery
 i - an uncursed amulet of reflection
 p - an amulet of regeneration (around neck)
 w - a +4 ring of protection
 y - a +4 ring of slaying
 A - an uncursed ring of poison resistance
 D - an uncursed ring of protection from fire
 P - the ring "Galoclo" {+Fly rC- MR++ Dex+3 Stlth-}
   (You found it on level 14 of the Dungeon)

   [ring of attention]

   It affects your dexterity (+3).
   It makes you vulnerable to cold.
   It affects your resistance to hostile enchantments.
   It lets you fly.
   It makes you less stealthy.
 W - an uncursed ring of resist corrosion
 X - the ring of Xom's Best Wishes (right hand) {rC+ rN+}
   (You took it off a spriggan rider on level 3 of the Depths)

   [ring of positive energy]

   It protects you from cold.
   It protects you from negative energy.
 Y - a +4 ring of slaying
 Z - a ring of protection from cold (left hand)
Wands
 a - a wand of disintegration (37)
 x - a wand of digging (3)
 G - a wand of iceblast (15)
 M - a wand of acid (31)
Scrolls
 e - 3 scrolls of magic mapping
 f - 2 scrolls of holy word
 l - 24 scrolls of teleportation
 o - 28 scrolls of remove curse
 v - 15 scrolls of enchant weapon
 C - 13 scrolls of fear
 E - 2 scrolls of silence
 H - 14 scrolls of immolation
 I - 7 scrolls of fog
 O - 2 scrolls of blinking
 S - 27 scrolls of identify
Potions
 b - 2 potions of berserk rage
 d - 11 potions of might
 h - 12 potions of haste
 j - 2 potions of curing
 k - 6 potions of mutation
 m - 10 potions of flight
 q - 6 potions of magic
 z - 3 potions of resistance
 B - 7 potions of ambrosia
 K - 5 potions of cancellation
Miscellaneous
 g - a lightning rod (4/4)
 L - a phantom mirror
 T - a tin of tremorstones (2/2)


   Skills:
 O Level 27 Fighting
   Level 8.8 Long Blades
 O Level 27 Axes
 O Level 27 Armour
 + Level 5.8 Dodging
 + Level 2.6 Stealth
 + Level 21.2 Shields
 * Level 25.9 Invocations
 + Level 7.9 Evocations


You had 26 spell levels left.
You didn't know any spells.
Your spell library contained the following spells:

 Spells                   Type           Power        Failure   Level
 Animate Skeleton         Necr           #.....       89%         1
 Apportation              Tloc           #.....       89%         1
 Beastly Appendage        Tmut           #.....       89%         1
 Corona                   Hex            #......      89%         1
 Foxfire                  Conj/Fire      #...         89%         1
 Freeze                   Ice            #...         89%         1
 Magic Dart               Conj           #...         89%         1
 Sandblast                Erth           #.....       89%         1
 Shock                    Conj/Air       #...         89%         1
 Sting                    Tmut/Pois      #...         89%         1
 Summon Small Mammal      Summ           #...         89%         1
 Blink                    Tloc           N/A          96%         2
 Call Imp                 Summ           #.......     96%         2
 Corpse Rot               Necr/Air       N/A          96%         2
 Passwall                 Tmut/Erth      #.......     96%         2
 Poisonous Vapours        Pois/Air       #.....       96%         2
 Searing Ray              Conj           #.....       96%         2
 Sublimation of Blood     Necr           #.........   96%         2
 Swiftness                Air            #.......     96%         2
 Wereblood                Tmut           #.......     96%         2
 Call Canine Familiar     Summ           #.......     99%         3
 Conjure Flame            Conj/Fire      #.......     99%         3
 Dazzling Flash           Conj/Hex       #.....       99%         3
 Frozen Ramparts          Ice            #.....       99%         3
 Gell's Gravitas          Tloc           #.........   99%         3
 Ignite Poison            Fire/Tmut/Pois #.......     99%         3
 Inner Flame              Hex/Fire       #.......     99%         3
 Lesser Beckoning         Tloc           #.........   99%         3
 Mephitic Cloud           Conj/Pois/Air  #.......     99%         3
 Ozocubu's Armour         Ice            #.......     99%         3
 Spider Form              Tmut/Pois      #.........   99%         3
 Stone Arrow              Conj/Erth      #.....       99%         3
 Summon Guardian Golem    Hex/Summ       #.......     99%         3
 Teleport Other           Tloc           #.......     99%         3
 Cause Fear               Hex            #.........   100%        4
 Dispel Undead            Necr           #.......     100%        4
 Fulminant Prism          Conj/Hex       #.........   100%        4
 Hailstorm                Conj/Ice       #.......     100%        4
 Ice Form                 Ice/Tmut       #.......     100%        4
 Iskenderun's Mystic Bla  Conj/Tloc      #.......     100%        4
 Leda's Liquefaction      Hex/Erth       #.........   100%        4
 Olgreb's Toxic Radiance  Pois           #.......     100%        4
 Passage of Golubria      Tloc           N/A          100%        4
 Petrify                  Tmut/Erth      #.......     100%        4
 Sticky Flame             Conj/Fire      #.......     100%        4
 Summon Ice Beast         Ice/Summ       #.......     100%        4
 Summon Lightning Spire   Summ/Air       #.......     100%        4
 Agony                    Necr           #.......     100%        5
 Blade Hands              Tmut           #.........   100%        5
 Bolt of Magma            Conj/Fire/Erth #.........   100%        5
 Excruciating Wounds      Necr           #.........   100%        5
 Fireball                 Conj/Fire      #.........   100%        5
 Lee's Rapid Deconstruct  Erth           #.........   100%        5
 Metabolic Englaciation   Hex/Ice        #.........   100%        5
 Silence                  Hex/Air        #.........   100%        5
 Summon Demon             Summ           #.........   100%        5
 Summon Forest            Summ/Tloc      #.........   100%        5
 Summon Mana Viper        Hex/Summ       #.......     100%        5
 Yara's Violent Unravell  Hex/Tmut       #.........   100%        5
 Invisibility             Hex            #.......     100%        6
 Iron Shot                Conj/Erth      #.........   100%        6
 Ozocubu's Refrigeration  Ice            #.........   100%        6
 Shadow Creatures         Summ           N/A          100%        6
 Statue Form              Tmut/Erth      #........    100%        6
 Dragon Form              Tmut           #.........   100%        7
 Malign Gateway           Summ/Tloc      #.........   100%        7
 Summon Hydra             Summ           #.........   100%        7
 Discord                  Hex            #.........   100%        8
 Dragon's Call            Summ           #.........   100%        9
 Shatter                  Erth           #.........   100%        9


Dungeon Overview and Level Annotations

Branches:
Dungeon (15/15)            Temple (1/1) D:4            Lair (6/6) D:8
  Swamp (4/4) Lair:4        Snake (4/4) Lair:4        Slime (0/5) Lair:6
    Orc (2/2) D:12            Elf (3/3) Orc:2        Vaults (5/5) D:13
  Crypt (3/3) Vaults:2       Tomb (0/3) Crypt:3      Depths (5/5) D:15
   Hell (visited)             Dis (0/7) Hell            Geh (0/7) Hell
    Coc (7/7) Hell            Tar (0/7) Hell            Zot (0/5) Depths:5
  IceCv (visited)         Volcano (visited)

Altars:
Cheibriados
Dithmenos
Elyvilon
Fedhas
Gozag
Hepliaklqana
Kikubaaqudgha
Nemelex Xobeh
Okawaru
Qazlal
Sif Muna
Trog
Uskayaw
Xom
Yredelemnul
Zin
The Shining One
Jiyva

Shops:
D:5 !   D:11 }([![   D:13 }   D:15 *   Orc:2 !([:   Elf:3 !*:?[   Snake:1 *!
Vaults:1 [   Vaults:4 }   Vaults:5 !!   Depths:2 }==?

Portals:
Hell: Depths:1 Depths:2 Depths:3 Depths:4 Depths:5
Abyss: Depths:3 Depths:4
Pandemonium: Depths:3
Ziggurat: Depths:1

Annotations:
D:11 180 scarf repulsion
Elf:1 1 runed translucent door, Kuntyar's ghost, adept GrFi
Coc:7 Antaeus


Innate Abilities, Weirdness & Mutations

You reflexively headbutt those who attack you in melee.
You have a pair of horns on your head.
You can translocate small distances at will.
Your flesh is very heat resistant. (rF++)


Message History

Unknown command.
You slice Antaeus like a ripe choko!!! You burn Antaeus.
Antaeus is almost dead.
You slash the Ice Fiend! You burn the Ice Fiend!
You kill the Ice Fiend!
The Shining One accepts your kill.
You feel better.
Unknown command.
You slash Antaeus! You burn Antaeus! You headbutt Antaeus!
Antaeus is almost dead.
Antaeus hits you but does no damage.
Antaeus hits you with a +1 vampiric short sword!
* * * LOW HITPOINT WARNING * * *
Antaeus freezes you! You resist.
* * * LOW HITPOINT WARNING * * *
Your unstable footing causes you to fumble your attack.
Unknown command.
Your unstable footing causes you to fumble your attack.
Antaeus hits you with a +1 vampiric short sword!!!
You die...

≈#####≈≈≈≈#####≈≈≈≈≈≈....##.≈≈≈..
## ≈≈ ##≈≈≈≈≈≈...##.≈≈≈.. # #
#≈≈≈≈≈≈...##.≈≈≈.. #
#≈≈≈≈≈≈≈..#..≈≈≈.. ###
###≈≈≈≈≈≈≈≈)#.≈≈≈≈.. '..
.'≈≈≈≈≈≈≈≈.#.≈≈≈≈.. '.
.'≈≈≈≈≈≈≈≈.#.≈≈≈≈.. ##
#C≈≈≈≈≈≈..#..≈≈≈.. #
#@≈≈≈≈≈...##.≈≈≈.. # ####
#≈≈≈≈≈....##.≈≈≈.. ## ##≈≈##
##≈≈≈≈≈....##.≈≈≈..
≈#####≈≈≈≈#####≈≈≈≈≈....##..≈≈≈..
≈≈≈≈≈≈≈≈≈≈≈≈≈≈≈≈≈≈.....##...≈≈...
≈≈≈≈≈≈≈≈)≈≈≈≈≈≈≈......##....≈≈...
.....≈≈≈≈≈≈..........##....≈≈...#
......^.........⌠...##....≈≈...##
.....[.............##....≈≈...##.


You could see Antaeus (strong).

Vanquished Creatures
  Khufu (Crypt:3)
  Mennas (Depths:5)
  Mara (Depths:4)
  2 ancient liches
  A juggernaut (Depths:2)
  4 greater mummies (Depths:4)
  Bai Suzhen (Crypt:2)
  Frederick (Crypt:3)
  22 shard shrikes
  Saint Roka (Crypt:2)
  Margery (Vaults:5)
  4 golden dragons
  Geryon (Hell)
  Xtahua (Crypt:2)
  Nikola (Swamp:1)
  the Enchantress (Depths:3)
  3 profane servitors
  9 bone dragons
  2 hellephants (Abyss:1)
  2 tentacled monstrosities (Vaults:5)
  The ghost of Chimkentus the Severer, an adept HOFi of Beogh (Snake:4)
  Asterion (Depths:2)
  8 Ice Fiends (Coc:7)
  3 quicksilver dragons (Vaults:5)
  2 deep elf master archers (Elf:3)
  4 titans (Vaults:5)
  8 liches
  2 deep elf blademasters
  11 sphinxes
  2 thorn hunters
  2 acid blobs (Lair:6)
  2 ancient champions
  Gastronok (D:11)
  Agnes (D:15)
  The ghost of Synit the Severer, an adept NaWn of Gozag (Elf:2)
  2 Executioners (Abyss:3)
  Kirke (Swamp:1)
  19 tentacled starspawn
  5 storm dragons
  11 tengu reavers
  3 revenants
  2 shadow dragons
  A draconian monk (Depths:5)
  Donald (Vaults:1)
  5 fire giants
  Roxanne (Swamp:1)
  2 orc warlords (Orc:1)
  12 frost giants
  8 nagarajas
  7 deep elf sorcerers
  A draconian knight (Depths:5)
  Louise (Swamp:3)
  A draconian shifter (Abyss:1)
  A balrug (Hell)
  17 vault wardens
  7 deep elf elementalists
  4 cacodemons (Abyss:3)
  13 reapers
  11 ironheart preservers
  4 ghouls
  4 elemental wellsprings (Coc:7)
  A juggernaut skeleton (Crypt:2)
  18 stone giants
  5 spriggan defenders (Depths:3)
  9 vampire knights
  37 very ugly things
  2 black draconians
  An entropy weaver (Vaults:4)
  2 war gargoyles
  Nessos (D:15)
  3 deep elf demonologists
  3 spark wasps (Depths:4)
  5 purple draconians
  4 deep elf annihilators (Elf:3)
  3 yellow draconians (Depths:5)
  A lorocyproca (Abyss:3)
  4 eidola
  A red draconian (Abyss:3)
  A white draconian (Abyss:3)
  4 eleionomae
  6 bunyips
  15 ettins
  11 deep elf death magi
  4 green deaths
  4 mummy priests
  9 blizzard demons
  18 jiangshi
  15 yaktaur captains
  4 shambling mangroves
  6 deep elf high priests
  16 fire dragons
  2 quicksilver dragon zombies
  4 kraken zombies
  5 spriggan air magi
  29 vault guards
  11 rakshasas
  15 great orbs of eyes
  17 naga warriors
  Harold (D:9)
  19 hydras
  4 ghost crabs
  2 quicksilver dragon skeletons
  12 boulder beetles
  9 anacondas
  24 ice dragons
  A merfolk avatar (Lair:6)
  Erica (D:9)
  A hell beast (Depths:3)
  3 catoblepae
  17 centaur warriors
  23 dancing weapons
  10 death knights
  15 ogre magi
  60 small abominations
  6 death yaks (Lair:6)
  27 two-headed ogres
  7 alligators
  10 tengu warriors
  12 naga sharpshooters
  14 vampire magi
  12 deep troll shamans
  10 deep troll earth magi
  Urug (Lair:6)
  An orc high priest (Elf:1)
  4 spriggan berserkers (Depths:3)
  30 thrashing horrors
  4 titan zombies
  3 shock serpents
  An iron golem (Hell)
  A sun demon (Hell)
  5 goliath frogs
  Sonja (Lair:1)
  9 soul eaters
  17 deep elf knights
  13 hell knights
  A fire crab (shapeshifter) (Abyss:3)
  A titan skeleton (Coc:7)
  19 wretched stars
  A fire crab (Abyss:3)
  57 skeletal warriors
  4 unseen horrors
  5 storm dragon skeletons
  12 anaconda zombies
  3 salamander mystics
  4 iron trolls
  8 sixfirhies
  4 shadow wraiths
  5 shadow demons (Abyss:3)
  4 spriggan druids
  A golden dragon zombie (Coc:5)
  10 spatial maelstroms
  34 deep trolls
  41 large abominations
  12 bog bodies
  3 glowing orange brains
  10 flayed ghosts
  7 swamp dragons (Swamp:4)
  A golden dragon skeleton (Coc:6)
  17 deep elf archers
  19 orc knights
  9 naga ritualists
  10 wizards
  3 shadow dragon zombies (Coc:7)
  A wolf spider (shapeshifter) (Vaults:5)
  4 anaconda skeletons
  17 ironbrand convokers
  2 wolf spider zombies
  A tengu zombie (Depths:4)
  A harpy (Vaults:3)
  14 phantasmal warriors
  14 mana vipers
  An orb spider (Abyss:3)
  9 necromancers
  A frost giant zombie (Hell)
  5 orc sorcerers
  4 wolf spiders
  An iron dragon zombie (Coc:6)
  3 manticores
  5 fauns (Depths:3)
  An eleionoma zombie (Crypt:2)
  A spectral ettin (Crypt:3)
  2 fire giant zombies
  64 ugly things
  A manticore (shapeshifter) (Vaults:1)
  3 shadow dragon skeletons
  5 will-o-the-wisps
  71 deep elf magi
  18 salamanders
  2 stone giant zombies
  3 cyclopes
  A faun (shapeshifter) (Vaults:5)
  A sphinx skeleton (Vaults:5)
  13 worldbinders
  4 dire elephant zombies
  A salamander (shapeshifter) (Abyss:3)
  10 elephants (Lair:6)
  3 iron dragon skeletons
  42 black mambas
  4 frost giant skeletons
  3 guardian serpents
  Maurice (D:9)
  11 vault sentinels
  4 apocalypse crabs (Abyss:3)
  5 ice statues
  16 naga magi
  28 smoke demons
  A titan simulacrum (Coc:7)
  5 rust devils (Hell)
  19 cane toads
  A fire giant skeleton (Coc:3)
  2 eyes of devastation (shapeshifter)
  8 orange demons
  Joseph (D:8)
  5 stone giant skeletons
  Psyche (D:11)
  A catoblepas zombie (Abyss:3)
  A storm dragon simulacrum (Coc:7)
  6 rime drakes
  5 demonic crawlers
  42 freezing wraiths
  A spriggan zombie (Hell)
  2 dire elephant skeletons (Coc:3)
  A green draconian zombie (Crypt:2)
  A kobold demonologist (Abyss:1)
  2 emperor scorpion zombies (Coc:7)
  3 hellwings
  A rime drake (shapeshifter) (Abyss:3)
  An iron troll zombie (Crypt:1)
  4 hellions
  3 efreet
  An anaconda simulacrum (Coc:7)
  8 komodo dragons
  9 guardian mummies
  2 golden dragon simulacra (IceCv)
  6 human zombies
  16 ancient zymes
  35 ice devils
  7 tormentors
  4 tengu conjurers
  35 yaktaurs
  6 trolls
  Grinder (D:6)
  2 catoblepas skeletons
  2 harpy zombies
  A white draconian skeleton (Crypt:2)
  3 meliai (D:14)
  A wind drake (shapeshifter) (Vaults:5)
  2 wind drakes (Lair:6)
  6 red devils
  A tyrant leech (shapeshifter) (Vaults:3)
  2 polar bears (Lair:6)
  15 hydra zombies
  12 blink frogs
  7 hydra skeletons
  30 hornets
  8 tyrant leeches
  A meliai zombie (Crypt:1)
  3 harpy skeletons
  55 raiju
  A stone giant simulacrum (Coc:7)
  17 slime creatures
  An ice dragon zombie (Crypt:2)
  6 alligator zombies
  A fire giant simulacrum (Coc:7)
  2 fire dragon zombies
  55 starcursed masses
  Sigmund (D:6)
  4 air elementals
  5 alligator skeletons
  3 redbacks (shapeshifter)
  6 ice dragon skeletons
  136 flying skulls
  2 redbacks (Vaults:4)
  A spriggan (shapeshifter) (Vaults:1)
  A black mamba zombie (Coc:7)
  11 shadows
  A tarantella (shapeshifter) (Vaults:1)
  A dire elephant simulacrum (Abyss:3)
  14 ynoxinuls
  12 water elementals
  6 wyverns
  An ettin skeleton (Coc:6)
  27 wraiths
  3 hogs (Swamp:1)
  3 fire dragon skeletons
  17 spriggans
  49 yaks
  A yak (shapeshifter) (Depths:1)
  8 basilisks
  A fire bat (Abyss:3)
  Grum (Lair:1)
  Eustachio (D:5)
  8 fire elementals
  A golden eye (shapeshifter) (Vaults:3)
  2 hogs (shapeshifter)
  A spriggan simulacrum (Depths:3)
  9 chaos spawn
  14 spatial vortices
  A steam dragon (Lair:5)
  12 neqoxecs
  A human simulacrum (Vaults:1)
  A yaktaur simulacrum (Vaults:5)
  4 vampire mosquitoes (D:15)
  16 swamp worms
  Menkaure (D:5)
  An emperor scorpion simulacrum (Crypt:2)
  37 nagas
  5 insubstantial wisps (Abyss:3)
  8 wargs
  3 harpy simulacra (IceCv)
  A soldier ant (D:13)
  An acid dragon (shapeshifter) (Vaults:2)
  7 hydra simulacra
  3 acid dragons
  6 hell hounds
  6 cane toad zombies
  17 swamp drakes
  18 water moccasins
  9 ice beasts
  3 sky beasts
  A black bear (D:12)
  5 cane toad skeletons
  2 hornet zombies
  An ice dragon simulacrum (Coc:1)
  63 orc warriors
  2 eyes of draining
  4 phantoms
  A fire dragon simulacrum (Coc:5)
  A black bear (shapeshifter) (Depths:1)
  4 snapping turtle zombies
  2 swamp dragon zombies (Coc:7)
  4 ettin simulacra
  7 necrophages
  28 ogres
  8 wolves
  2 human skeletons
  17 boggarts
  38 centaurs
  A hog zombie (Crypt:2)
  A swamp dragon skeleton (Abyss:1)
  A snapping turtle skeleton (Crypt:1)
  A blink frog skeleton (Crypt:2)
  Blork the orc (D:6)
  2 elf zombies
  5 big kobolds
  29 bullfrogs
  2 elf skeletons
  A rime drake skeleton (Crypt:1)
  A wyvern zombie (Crypt:2)
  5 earth elementals
  5 scorpions
  2 wyvern skeletons
  A yak zombie (Crypt:2)
  An elf simulacrum (Vaults:4)
  A killer bee (D:9)
  6 wights
  7 howler monkeys
  3 electric eels
  A crimson imp (Abyss:3)
  2 centaur zombies
  4 quasits
  A bullfrog zombie (D:7)
  Crazy Yiuf (D:3)
  6 hounds
  6 jellies
  18 orc priests
  3 bullfrog skeletons
  4 centaur skeletons
  3 iron imps
  20 orc wizards
  3 hell rats
  14 worker ants
  4 iguanas
  2 killer bee zombies
  A hound zombie (D:6)
  4 mummies
  2 hound skeletons
  3 worker ant zombies
  4 gnolls
  8 river rats (Lair:4)
  8 adders
  2 shadow imps
  27 white imps
  10 ufetubi
  An ooze (D:2)
  3 adder skeletons
  A worm (D:4)
  A dart slug (D:3)
  9 leopard geckos
  137 orcs
  10 bats
  8 giant cockroaches
  4 goblins
  21 hobgoblins
  19 jackals
  26 kobolds
  4 quokkas
  3 ball pythons
  A frilled lizard (D:1)
  A goblin zombie (Crypt:1)
  A jackal skeleton (D:7)
  3 kobold zombies
  An orc zombie (Crypt:1)
  6 quokka zombies
  8 rats
  8 briar patches
  5 crawling corpses (Elf:3)
  A lurking horror (Abyss:1)
  23 starspawn tentacles
  6 tentacles
3376 creatures vanquished.

Vanquished Creatures (collateral kills)
  A shard shrike (Coc:7)
  Jorgrun (D:13)
  A thorn hunter (Swamp:4)
  A nagaraja (Snake:4)
  2 cacodemons (Hell)
  An iron dragon (Hell)
  A vault warden (Vaults:5)
  A juggernaut zombie (Hell)
  A deep elf elementalist (Elf:3)
  3 very ugly things (Abyss:3)
  5 reapers
  A white draconian (Abyss:3)
  2 bunyips (Swamp:4)
  2 lorocyprocas (Hell)
  A purple draconian (Depths:5)
  A deep elf death mage (Elf:3)
  3 blizzard demons
  A naga warrior (Snake:4)
  A hell beast (Hell)
  2 dancing weapons
  A ghost crab (Swamp:4)
  3 naga sharpshooters (Snake:4)
  A vampire mage (Hell)
  6 hell knights (Hell)
  3 hell hogs (Hell)
  A small abomination (Elf:3)
  2 soul eaters (Hell)
  3 sun demons (Hell)
  An iron golem (Hell)
  2 anaconda zombies (Hell)
  2 spriggan druids (Swamp:4)
  A naga ritualist (Snake:4)
  A swamp dragon (Swamp:4)
  A large abomination (Abyss:3)
  A tengu zombie (Hell)
  A necromancer (Hell)
  2 fire giant zombies (Hell)
  A frost giant zombie (Hell)
  A stone giant zombie (Hell)
  A rust devil (Hell)
  A vault sentinel (Vaults:5)
  An apocalypse crab (Abyss:3)
  An orange demon (Hell)
  2 yaktaur zombies (Hell)
  2 tormentors (Coc:7)
  An anaconda simulacrum (Coc:7)
  An ancient zyme (Abyss:3)
  A guardian mummy (Crypt:3)
  An ice devil (Hell)
  6 red devils (Hell)
  A catoblepas skeleton (Coc:7)
  An alligator zombie (Coc:7)
  2 ettin zombies
  2 deep troll zombies (Hell)
  A spriggan (Swamp:1)
  A swamp worm (shapeshifter) (Vaults:5)
  6 hell hounds (Hell)
  2 swamp drakes (Swamp:4)
  An orc warrior (Vaults:5)
  A hound (D:13)
  An iron imp (Hell)
  3 hell rats (Hell)
  A naga zombie (Coc:7)
  2 tentacles (Hell)
109 creatures vanquished.

Vanquished Creatures (others)
  An elemental wellspring (Coc:7)
  A very ugly thing (Abyss:3)
  An ogre mage (Vaults:1)
  A vault guard (Vaults:5)
  A boulder beetle (Vaults:5)
  A spriggan (Swamp:3)
  An ironbrand convoker (Vaults:5)
  A deep elf archer (Vaults:5)
  A necromancer (Hell)
  A hornet (Swamp:3)
  A dream sheep (shapeshifter) (Abyss:3)
  3 hogs (Swamp:1)
  A swamp worm (Swamp:3)
  3 boggarts
  A crimson imp (Hell)
  A shadow imp (Abyss:3)
  An ufetubus (Abyss:3)
  2 briar patches (Swamp:4)
  2 bushes
  8 foxfires
  48 fungi
  4 lurking horrors (Abyss:3)
  119 plants
  26 starspawn tentacles
  17 tentacles
  17 withered plants
264 creatures vanquished.

Grand Total: 3749 creatures vanquished

Notes
Turn   | Place    | Note
-------+----------+-------------------------------------------
     0 | D:1      | robertstho the Minotaur Fighter began the quest for the
                  | Orb.
     0 | D:1      | Reached XP level 1. HP: 19/19 MP: 0/0
    21 | D:1      | Reached XP level 2. HP: 20/27 MP: 1/1
   355 | D:1      | Reached XP level 3. HP: 33/33 MP: 2/2
   841 | D:2      | Reached XP level 4. HP: 16/40 MP: 3/3
  1114 | D:2      | Found a faded altar of an unknown god.
  1675 | D:3      | Found a runed translucent door.
  1676 | D:3      | Noticed Crazy Yiuf
  1862 | D:3      | Reached XP level 5. HP: 36/46 MP: 4/4
  1975 | D:3      | Found an opulent altar of Gozag.
  2050 | D:3      | Reached skill level 1 in Dodging
  2052 | D:3      | Reached skill level 5 in Armour
  2246 | D:3      | Found a shimmering blue altar of Sif Muna.
  2536 | D:3      | Killed Crazy Yiuf
  2813 | D:4      | Found a staircase to the Ecumenical Temple.
  2826 | Temple   | Entered the Ecumenical Temple
  2837 | Temple   | Became a worshipper of the Shining One
  2866 | D:4      | Noticed a phantom
  2872 | D:4      | Reached XP level 6. HP: 50/53 MP: 5/5
  2895 | D:4      | Reached skill level 5 in Shields
  2895 | D:4      | Reached skill level 1 in Invocations
  3008 | D:4      | Reached skill level 5 in Axes
  3178 | D:4      | Reached XP level 7. HP: 52/60 MP: 7/7
  3240 | D:4      | Found a glowing silver altar of Zin.
  3254 | D:4      | Reached skill level 5 in Fighting
  3518 | D:4      | Found a glowing drain.
  3687 | D:5      | Entered Level 5 of the Dungeon
  3768 | D:5      | Reached * piety under the Shining One
  3804 | D:5      | Noticed Menkaure
  3809 | D:5      | Killed Menkaure
  3837 | D:5      | Reached XP level 8. HP: 66/70 MP: 8/8
  4142 | D:5      | Noticed Eustachio
  4161 | D:5      | Killed Eustachio
  4513 | D:5      | Reached ** piety under the Shining One
  4568 | D:5      | Found Wuibat's Distillery.
  4573 | D:5      | Bought a potion of magic for 120 gold pieces
  4573 | D:5      | Bought a potion of flight for 45 gold pieces
  4573 | D:5      | Bought a potion of ambrosia for 120 gold pieces
  4969 | D:6      | Noticed Grinder
  4982 | D:6      | Killed Grinder
  5009 | D:6      | Noticed Blork the orc
  5017 | D:6      | Killed Blork the orc
  5017 | D:6      | Reached XP level 9. HP: 77/78 MP: 10/10
  5186 | D:6      | Found a snail-covered altar of Cheibriados.
  5186 | D:6      | Found a bloodstained altar of Trog.
  5186 | D:6      | Found a blossoming altar of Fedhas.
  5186 | D:6      | Found a hide-covered altar of Uskayaw.
  5369 | D:6      | Noticed a troll
  5381 | D:6      | Killed a troll
  5392 | D:6      | Noticed Sigmund
  5400 | D:6      | Killed Sigmund
  6058 | D:7      | Found an iron altar of Okawaru.
  6485 | D:7      | Found Maimiq's Gadget Shoppe.
  6712 | D:8      | Reached skill level 5 in Invocations
  6888 | D:8      | Noticed Joseph
  6905 | D:8      | Killed Joseph
  6905 | D:8      | Reached skill level 10 in Axes
  6947 | D:8      | Found a staircase to the Lair.
  7004 | D:8      | Reached *** piety under the Shining One
  7015 | D:8      | Reached XP level 10. HP: 71/90 MP: 13/13
  7328 | D:8      | Found a white marble altar of Elyvilon.
  7861 | D:9      | Noticed a two-headed ogre
  7867 | D:9      | Killed a two-headed ogre
  8086 | D:9      | Noticed an orc knight
  8101 | D:9      | Killed an orc knight
  8314 | D:9      | Reached **** piety under the Shining One
  8316 | D:9      | Noticed a two-headed ogre
  8325 | D:9      | Killed a two-headed ogre
  8325 | D:9      | Reached XP level 11. HP: 42/97 MP: 13/15
  8632 | D:9      | Noticed Harold
  8643 | D:9      | Killed Harold
  8643 | D:9      | Reached skill level 10 in Armour
  8756 | D:9      | Noticed Erica
  8761 | D:9      | Killed Erica
  8806 | D:9      | Noticed Maurice
  8813 | D:9      | Killed Maurice
  8967 | D:9      | Reached skill level 10 in Fighting
  9230 | D:10     | Entered Level 10 of the Dungeon
  9417 | D:10     | Noticed an unseen horror
  9422 | D:10     | Killed an unseen horror
  9871 | D:11     | Noticed Gastronok
  9871 | D:11     | Reached ***** piety under the Shining One
  9881 | D:11     | Killed Gastronok
  9979 | D:11     | Found Inimir's Distillery.
  9988 | D:11     | Bought a potion of curing for 45 gold pieces
  9988 | D:11     | Bought a potion of heal wounds for 75 gold pieces
  9988 | D:11     | Bought 2 potions of degeneration for 30 gold pieces
  9988 | D:11     | Bought a potion of curing for 45 gold pieces
  9988 | D:11     | Bought a potion of attraction for 45 gold pieces
  9988 | D:11     | Bought a potion of invisibility for 120 gold pieces
 10108 | D:11     | Noticed a death knight
 10109 | D:11     | Noticed a skeletal warrior
 10120 | D:11     | Upgraded the game from 0.26-a0-800-g517d6fe721 to
                  | 0.26-a0-810-ge1a9524b62
 10129 | D:11     | Killed a skeletal warrior
 10131 | D:11     | Killed a death knight
 10411 | D:11     | Found Perulem's Armour Shoppe.
 10543 | D:11     | Found Cejag's Antique Weapon Shoppe.
 10571 | D:11     | Found Fulocset's Gadget Shop.
 10730 | D:11     | Noticed Psyche
 10735 | D:11     | Killed Psyche
 10807 | D:11     | Noticed an eight-headed hydra
 10815 | D:11     | Killed a four-headed hydra
 10815 | D:11     | Reached XP level 12. HP: 63/108 MP: 16/16
 11121 | D:11     | Found Miud's Armour Shop.
 11218 | Lair:1   | Entered Level 1 of the Lair of Beasts
 11218 | Lair:1   | Noticed a five-headed hydra
 11226 | Lair:1   | Killed a two-headed hydra
 11226 | Lair:1   | Reached skill level 1 in Long Blades
 11540 | Lair:1   | Noticed a four-headed hydra
 11546 | Lair:1   | Killed a one-headed hydra
 12027 | Lair:1   | Noticed Sonja
 12031 | Lair:1   | Killed Sonja
 12183 | Lair:1   | Noticed Grum
 12189 | Lair:1   | Killed Grum
 12694 | Lair:2   | Reached skill level 5 in Long Blades
 13155 | Lair:2   | Noticed a catoblepas
 13161 | Lair:2   | Killed a catoblepas
 14170 | Lair:3   | Got a pair of encrusted boots
 14180 | Lair:3   | Identified the +0 pair of boots of Conscience {*Drain +Fly
                  | rElec Str+7 Dex+2} (You found it on level 3 of the Lair of
                  | Beasts)
 14503 | Lair:3   | Noticed a seven-headed hydra
 14509 | Lair:3   | Killed a five-headed hydra
 14509 | Lair:3   | Reached XP level 13. HP: 87/118 MP: 18/18
 15237 | Lair:4   | Found a staircase to the Snake Pit.
 15261 | Lair:4   | Found a dark tunnel.
 15278 | Volcano  | Entered a volcano
 15389 | Volcano  | Reached skill level 1 in Stealth
 15390 | Volcano  | Found a burning altar of Makhleb.
 16389 | Lair:4   | Found a staircase to the Swamp.
 18315 | Lair:5   | Found a shimmering altar of Xom.
 18604 | Lair:6   | Entered Level 6 of the Lair of Beasts
 19134 | Lair:6   | Found a runed translucent door.
 19135 | Lair:6   | Found a viscous altar of Jiyva.
 19136 | Lair:6   | Noticed an acid blob
 19137 | Lair:6   | Found a staircase to the Slime Pits.
 19144 | Lair:6   | Noticed an acid blob
 19181 | Lair:6   | Reached XP level 14. HP: 66/129 MP: 20/20
 20289 | Lair:6   | Reached skill level 15 in Axes
 21201 | Lair:6   | Noticed Urug
 21207 | Lair:6   | Killed Urug
 21669 | Lair:6   | Reached skill level 15 in Armour
 21669 | Lair:6   | Reached skill level 10 in Invocations
 21716 | Lair:6   | Reached skill level 1 in Evocations
 21716 | Lair:6   | Reached XP level 15. HP: 139/139 MP: 21/21
 21717 | Lair:6   | Reached XP level 16. HP: 147/147 MP: 22/22
 21964 | D:12     | Found a staircase to the Orcish Mines.
 22119 | D:12     | Got a masterwork cloak
 22131 | D:12     | Identified the +2 cloak of Xulav {-Tele rPois MR++ rCorr}
                  | (You found it on level 12 of the Dungeon)
 22380 | D:12     | Found a shimmering altar of Xom.
 22381 | D:12     | Found a shimmering altar of Xom.
 22385 | D:12     | Found a shimmering altar of Xom.
 22388 | D:12     | Found a shimmering altar of Xom.
 22398 | D:12     | Found a shimmering altar of Xom.
 22398 | D:12     | Found a shimmering altar of Xom.
 22892 | D:11     | Bought a scarf of repulsion for 180 gold pieces
 22952 | Orc:1    | Entered Level 1 of the Orcish Mines
 23000 | Orc:1    | Reached skill level 15 in Fighting
 23417 | Orc:2    | Entered Level 2 of the Orcish Mines
 23424 | Orc:2    | Reached ****** piety under the Shining One
 23443 | Orc:2    | Found a staircase to the Elven Halls.
 23516 | Orc:2    | Found Seffat's Antique Armour Emporium.
 23516 | Orc:2    | Found Ecladezu's Weapon Boutique.
 23518 | Orc:2    | Found Cyrorepn's Distillery.
 23522 | Orc:2    | Found Wethaer's Book Shoppe.
 23650 | Orc:2    | Bought 2 potions of curing for 102 gold pieces
 23650 | Orc:2    | Bought 2 potions of heal wounds for 170 gold pieces
 23650 | Orc:2    | Bought a potion of resistance for 170 gold pieces
 23650 | Orc:2    | Bought a potion of curing for 51 gold pieces
 23650 | Orc:2    | Bought a potion of curing for 51 gold pieces
 24410 | Orc:1    | Reached XP level 17. HP: 118/156 MP: 24/24
 24760 | D:13     | Found Jugoan's Gadget Boutique.
 24805 | D:13     | Found a gate to the Vaults.
 24806 | D:13     | Noticed Jorgrun
 24820 | D:13     | Killed Jorgrun
 24820 | D:13     | Reached skill level 10 in Shields
 25302 | D:14     | Identified the Tome of Frigorific Confrontation
 25454 | D:14     | Found the +3 giant club "Skullcrusher" {speed, Str+7}
 25883 | D:14     | Got a faintly glowing wooden ring
 26034 | D:14     | Identified a scroll of acquirement
 26035 | D:14     | Acquired 749 gold pieces
 26038 | D:14     | Identified the ring "Galoclo" {+Fly rC- MR++ Dex+3 Stlth-}
                  | (You found it on level 14 of the Dungeon)
 26058 | D:15     | Entered Level 15 of the Dungeon
 26058 | D:15     | Found a staircase to the Depths.
 26059 | D:15     | Noticed Nessos
 26066 | D:15     | Killed Nessos
 26117 | D:15     | Noticed Agnes
 26140 | D:15     | Killed Agnes
 26706 | D:15     | Found Huitem Byso's Assorted Antiques.
 26714 | D:15     | Bought a scroll of teleportation for 102 gold pieces
 26714 | D:15     | Bought a potion of curing for 102 gold pieces
 26714 | D:15     | Bought a jewelled iron wand for 136 gold pieces
 27039 | Swamp:1  | Entered Level 1 of the Swamp
 27159 | Swamp:1  | Identified Roxanne's Reference Book on Transformation
 27159 | Swamp:1  | Noticed Roxanne
 27227 | Swamp:1  | Noticed Nikola
 27230 | Swamp:1  | Noticed Kirke
 27240 | Swamp:1  | Killed Nikola
 27250 | Swamp:1  | Killed Kirke
 27939 | Swamp:1  | Reached XP level 18. HP: 129/168 MP: 26/26
 28236 | Swamp:2  | Found a frozen archway.
 28249 | IceCv    | Entered an ice cave
 29750 | Swamp:3  | Identified the cursed +0 tower shield "Camig" {rElec rPois
                  | rCorr Int-3}
 29750 | Swamp:3  | Noticed Louise
 29763 | Swamp:3  | Killed Louise
 30331 | Swamp:3  | Found a stormy altar of Qazlal.
 30556 | Swamp:4  | Entered Level 4 of the Swamp
 32207 | Swamp:4  | Got a decaying rune of Zot
 32456 | Snake:1  | Entered Level 1 of the Snake Pit
 32471 | Snake:1  | Found Noogeang's Distillery.
 32479 | Snake:1  | Bought 2 potions of curing for 108 gold pieces
 32479 | Snake:1  | Bought a potion of curing for 54 gold pieces
 32479 | Snake:1  | Bought a potion of curing for 54 gold pieces
 32479 | Snake:1  | Bought a potion of curing for 54 gold pieces
 32479 | Snake:1  | Bought a potion of might for 72 gold pieces
 32479 | Snake:1  | Bought a potion of might for 72 gold pieces
 32479 | Snake:1  | Bought a potion of might for 72 gold pieces
 32479 | Snake:1  | Found Zainuirao's General Store.
 32485 | Snake:1  | Bought a scroll of blinking for 105 gold pieces
 33049 | Snake:1  | Reached XP level 19. HP: 158/179 MP: 27/27
 34372 | Snake:2  | Reached skill level 5 in Dodging
 36319 | Snake:4  | Entered Level 4 of the Snake Pit
 36346 | Snake:4  | Found a sparkling altar of Nemelex Xobeh.
 37005 | Snake:4  | Got a serpentine rune of Zot
 37719 | Snake:4  | Found a runed translucent gate.
 37719 | Snake:4  | Found a runed translucent gate.
 37719 | Snake:4  | Found a runed translucent gate.
 37719 | Snake:4  | Noticed Chimkentus's ghost (adept HOFi)
 37837 | Snake:4  | Killed Chimkentus's ghost
 38032 | Lair:6   | Reached XP level 20. HP: 185/189 MP: 29/29
 38138 | Swamp:1  | Killed Roxanne
 38400 | Elf:1    | Entered Level 1 of the Elven Halls
 38803 | Elf:1    | Found a runed translucent door.
 38804 | Elf:1    | Noticed Kuntyar's ghost (adept GrFi)
 39493 | Elf:2    | Noticed Synit's ghost (adept NaWn)
 39515 | Elf:2    | Found a transporter.
 39555 | Elf:2    | Found a transporter.
 39713 | Elf:2    | Found a runed translucent gate.
 39714 | Elf:2    | Found a runed translucent gate.
 39716 | Elf:2    | Found a runed translucent gate.
 40492 | Elf:2    | Killed Synit's ghost
 40544 | Elf:3    | Entered Level 3 of the Elven Halls
 40646 | Elf:3    | Found Jaedann's Assorted Antiques.
 40651 | Elf:3    | Found Jadoxen's Distillery.
 40654 | Elf:3    | Bought a moonstone ring for 200 gold pieces
 40654 | Elf:3    | Bought a blackened brass amulet for 200 gold pieces
 40654 | Elf:3    | Bought a scroll of summoning for 380 gold pieces
 40654 | Elf:3    | Bought a scroll of identify for 80 gold pieces
 40654 | Elf:3    | Bought a scroll of identify for 80 gold pieces
 40669 | Elf:3    | Bought a potion of berserk rage for 70 gold pieces
 40669 | Elf:3    | Bought a potion of experience for 700 gold pieces
 40669 | Elf:3    | Reached skill level 15 in Shields
 40669 | Elf:3    | Reached XP level 21. HP: 200/200 MP: 30/30
 40792 | Elf:3    | Found Pitof's Magic Scroll Shop.
 40804 | Elf:3    | Bought a scroll of summoning for 152 gold pieces
 41191 | Elf:3    | Found Upsahaxa's Book Shoppe.
 41253 | Elf:3    | Found Nodaroobe's Armour Shoppe.
 41532 | Elf:3    | Reached XP level 22. HP: 80/211 MP: 26/32
 42219 | Elf:3    | Identified the Guide on the Supportive Birds
 42329 | Elf:3    | Identified the Catalogue of Stones
 42663 | Vaults:1 | Entered Level 1 of the Vaults
 42904 | Vaults:1 | Reached skill level 15 in Invocations
 43073 | Vaults:1 | Found Necrythe's Armour Boutique.
 43852 | Vaults:1 | Noticed Donald
 43861 | Vaults:1 | Killed Donald
 44295 | Vaults:2 | Found a staircase to the Crypt.
 46190 | Vaults:3 | Reached XP level 23. HP: 213/222 MP: 33/33
 46549 | Vaults:3 | Identified the +3 chain mail of Qownar {+Fly rN+ Dex-2
                  | SInv} (You found it on level 3 of the Vaults)
 47845 | Vaults:4 | Found Hoke's Gadget Boutique.
 48060 | Vaults:5 | Entered Level 5 of the Vaults
 48706 | Vaults:5 | Got a silver rune of Zot
 48850 | Vaults:5 | Reached XP level 24. HP: 115/235 MP: 34/34
 48856 | Vaults:5 | Noticed Margery
 48869 | Vaults:5 | Killed Margery
 48944 | Vaults:5 | Identified the +10 trident of Ingex {vamp, *Corrode Dex+9}
 48944 | Vaults:5 | Identified the +5 fire dragon scales "Baugrab" {rPois rF++
                  | rC-}
 49409 | Vaults:5 | Identified the Tome of Flight and Heat
 49841 | Vaults:5 | Found Othatzum's Distillery.
 50374 | Vaults:5 | Identified the +10 battleaxe of the Trees {flame, +Blink
                  | Dex+6}
 50374 | Vaults:5 | Identified the +3 scimitar of Zeintoam {drain, +Blink +Inv
                  | Dex+5}
 50565 | Vaults:5 | Identified Bosteon's Tome of the Freezing Voyage
 50688 | Vaults:5 | Found Peronin's Distillery.
 50692 | Vaults:5 | Bought a potion of heal wounds for 95 gold pieces
 50692 | Vaults:5 | Bought a potion of heal wounds for 95 gold pieces
 50692 | Vaults:5 | Bought a potion of curing for 57 gold pieces
 50692 | Vaults:5 | Bought a potion of curing for 57 gold pieces
 50692 | Vaults:5 | Bought a potion of curing for 57 gold pieces
 50692 | Vaults:5 | Bought a potion of berserk rage for 95 gold pieces
 50692 | Vaults:5 | Bought a potion of might for 76 gold pieces
 51181 | Elf:3    | Bought a scroll of acquirement for 832 gold pieces
 51181 | Elf:3    | Bought a scroll of enchant armour for 120 gold pieces
 51182 | Elf:3    | Acquired 942 gold pieces
 51345 | D:15     | Bought a scroll of enchant armour for 255 gold pieces
 51449 | Crypt:1  | Entered Level 1 of the Crypt
 51678 | Crypt:1  | Found an ancient bone altar of Kikubaaqudgha.
 51860 | Crypt:1  | You fall into a shaft and drop 1 floor!
 51957 | Crypt:2  | Noticed Saint Roka
 51982 | Crypt:2  | Killed Saint Roka
 52165 | Crypt:2  | Noticed an ancient lich
 52170 | Crypt:2  | Reached XP level 25. HP: 216/247 MP: 34/34
 52175 | Crypt:2  | Killed an ancient lich
 52236 | Crypt:2  | Noticed Xtahua
 52244 | Crypt:2  | Killed Xtahua
 52574 | Crypt:2  | Noticed Bai Suzhen
 52581 | Crypt:2  | Killed Bai Suzhen
 53049 | Crypt:3  | Entered Level 3 of the Crypt
 53103 | Crypt:1  | Found an ancient bone altar of Kikubaaqudgha.
 53426 | Crypt:3  | Found a basalt altar of Yredelemnul.
 53668 | Crypt:3  | Noticed Khufu
 53668 | Crypt:3  | Noticed Frederick
 53685 | Crypt:3  | Found the +3 Elemental Staff {rElec rF++ rC++ MR++ AC+5}
 53708 | Crypt:3  | Killed Frederick
 53713 | Crypt:3  | Killed Khufu
 54104 | Crypt:3  | Found a staircase to the Tomb.
 54809 | Depths:1 | Entered Level 1 of the Depths
 54960 | Depths:1 | Found a gateway to Hell.
 55558 | Depths:1 | Found a gateway to a ziggurat.
 55756 | Depths:2 | Found Milovuv's Gadget Boutique.
 55756 | Depths:2 | Found Leto's Jewellery Shoppe.
 55757 | Depths:2 | Found Jeuthimoitz's Jewellery Shoppe.
 55988 | Depths:2 | Reached XP level 26. HP: 260/260 MP: 34/34
 56090 | Depths:2 | Found Osaizio's Magic Scroll Emporium.
 56095 | Depths:2 | Bought a scroll of teleportation for 36 gold pieces
 56095 | Depths:2 | Bought a scroll of blinking for 90 gold pieces
 56099 | Depths:2 | Noticed Asterion
 56104 | Depths:2 | Killed Asterion
 56354 | Depths:2 | Noticed a juggernaut
 56360 | Depths:2 | Killed a juggernaut
 57320 | Depths:3 | Found a blossoming altar of Fedhas.
 57448 | Depths:3 | Found a one-way gate to the infinite horrors of the Abyss.
 57729 | Depths:3 | Found a one-way gate leading to the halls of Pandemonium.
 58034 | Depths:3 | Identified the +5 scimitar "Sarcophage" {venom, +Blink rC+
                  | Int+3}
 58036 | Depths:3 | Identified the +8 giant club of Exquisite Torment {speed,
                  | rElec}
 58043 | Depths:3 | Identified the ring of Xom's Best Wishes {rC+ rN+}
 58046 | Depths:3 | Identified the cursed +3 giant club "Impslayer" {spect,
                  | Str+5}
 58046 | Depths:3 | Identified the +8 giant club of Exquisite Torment {speed,
                  | rElec}
 58046 | Depths:3 | Noticed the Enchantress
 58060 | Depths:3 | Reached skill level 27 in Fighting
 58064 | Depths:3 | Killed the Enchantress
 58534 | Depths:3 | Identified the +2 pair of gloves "Nikier" {Int+3} (You
                  | found it on level 3 of the Depths)
 58606 | Depths:4 | Noticed Mara
 58618 | Depths:4 | Killed Mara
 59136 | Depths:4 | Reached XP level 27. HP: 273/273 MP: 35/35
 59468 | Depths:4 | Paralysed by a sphinx for 4 turns
 59484 | Depths:4 | Noticed a greater mummy
 59492 | Depths:4 | Killed a greater mummy
 59863 | Depths:4 | Noticed a greater mummy
 59872 | Depths:4 | Killed a greater mummy
 59889 | Depths:4 | Noticed a greater mummy
 59894 | Depths:4 | Killed a greater mummy
 60166 | Depths:4 | Noticed a greater mummy
 60172 | Depths:4 | Killed a greater mummy
 60575 | Depths:5 | Entered Level 5 of the Depths
 60777 | Depths:5 | HP: 3/273 [fire giant/bolt of fire (23)]
 61288 | Depths:3 | Voluntarily entered the Abyss.
 61341 | Abyss:1  | Paralysed by accursed screaming for 1 turns
 61872 | Abyss:1  | Gained mutation: You are dopey. (Int -2) [a neqoxec]
 63307 | Abyss:3  | Found a corrupted altar of Lugonu.
 64022 | Abyss:3  | Paralysed by a great orb of eyes for 4 turns
 64243 | Abyss:3  | Reached skill level 27 in Axes
 64326 | Abyss:3  | Gained mutation: Scrolls take you a little longer to read.
                  | [a neqoxec]
 64371 | Abyss:3  | Found a corrupted altar of Lugonu.
 64746 | Abyss:3  | Found a snail-covered altar of Cheibriados.
 65484 | Abyss:3  | Found a corrupted altar of Lugonu.
 65891 | Abyss:3  | Found a corrupted altar of Lugonu.
 66099 | Abyss:3  | Lost mutation: Scrolls take you a little longer to read.
                  | [potion of mutation]
 66099 | Abyss:3  | Lost mutation: You are dopey. (Int -2) [potion of mutation]
 66099 | Abyss:3  | Gained mutation: You can translocate small distances at
                  | will. [potion of mutation]
 66099 | Abyss:3  | Gained mutation: Your flesh is heat resistant. (rF+)
                  | [potion of mutation]
 66099 | Abyss:3  | Gained mutation: Your flesh is very heat resistant. (rF++)
                  | [potion of mutation]
 66431 | Abyss:3  | Got an abyssal rune of Zot
 66451 | Depths:3 | Escaped the Abyss
 66673 | Depths:5 | Noticed Mennas
 66684 | Depths:5 | Killed Mennas
 67104 | Depths:5 | Found a gate to the Realm of Zot.
 67200 | Hell     | Entered the Vestibule of Hell
 67200 | Hell     | Noticed Geryon
 67215 | Hell     | Reached skill level 27 in Armour
 67268 | Hell     | HP: 11/273 [juggernaut zombie (3)]
 67375 | Hell     | Killed Geryon
 67499 | Hell     | Found a gateway to the ashen valley of Gehenna.
 67773 | Hell     | Found a gateway to the decaying netherworld of Tartarus.
 67922 | Hell     | Found a gateway to the Iron City of Dis.
 68010 | Hell     | Found a gateway to the freezing wastes of Cocytus.
 68045 | Coc:1    | Entered Level 1 of Cocytus
 68603 | Coc:5    | Noticed an ancient lich
 68611 | Coc:5    | Killed an ancient lich
 68875 | Coc:6    | Reached skill level 5 in Evocations
 69222 | Coc:7    | Entered Level 7 of Cocytus
 70753 | Coc:7    | Noticed Antaeus
 70756 | Coc:7    | Identified the cursed +0 tower shield of the Watchman
                  | {rElec Dex+4 Stlth-}
 70778 | Coc:7    | HP: 17/409 [Antaeus/+1 vampiric short sword (7)]
 70783 | Coc:7    | Annihilated by Antaeus

Illustrated notes

Levels and vault maps discovered:
D:1:      minmay_arrival_cross, layout_rooms, nrook_campfire,
          hangedman_decor_points
D:2:      layout_loops_ring, chequers_ecumenical_altar_twisty
D:3:      corexii_shack_village, layout_basic, nicolae_overflow_hidden_temple,
          nicolae_gozag_seed_capital, uniq_crazy_yiuf_cottage
D:4:      cheibrodos_thug_alley, layout_rooms, lemuel_doored_altar,
          minmay_temple_entry_grid, gup_sewer_entry_bowl
D:5:      layout_basic, serial_shops, shop, uniq_eustachio, uniq_menkaure
D:6:      layout_basic, chequers_temple_overflow_statue_of_worship,
          minmay_microvault, uniq_grinder, uniq_blork_the_orc, uniq_sigmund
D:7:      layout_basic, lemuel_crystal_altar, serial_shops,
          kennysheep_little_box
D:8:      layout_loops_ring, elyvilon_altar_5, lair_entry_dummy, special_room
          [special_room_orc], kennysheep_doodads, chequers_serial_rivers_room_a,
          uniq_joseph
D:9:      minmay_the_grid_3x2 [minmay_the_grid_large_cup,
          minmay_the_grid_broken_lines, minmay_the_grid_small_cups,
          minmay_the_grid_armoury, minmay_the_grid_medium_cups,
          minmay_the_grid_prize_trominoes], layout_loops_cross, uniq_erica,
          uniq_harold, uniq_maurice
D:10:     layout_irregular_city
D:11:     layout_layer_cave, serial_shops, shop, nicolae_shop_statue_plus,
          kennysheep_mini, shop, shop, kennysheep_generic_room_9,
          uniq_gastronok, uniq_psyche
D:12:     layout_small_grid, david_orc_2, minmay_statues_item,
          nicolae_benzene_ring, xom_redecorated
D:13:     layout_rooms, erik_vaults_1, serial_shops, nicolae_shop_trees,
          uniq_jorgrun
D:14:     minmay_ambush_box, layout_cave_pools,
          minmay_guarded_unrand_skullcrusher
D:15:     grunt_enter_depths_giant_problem, layout_basic, serial_shops,
          nicolae_shop_statue_plus, minmay_misc_feat_ornament, uniq_nessos,
          uniq_agnes
Temple:   dshaligram_water_room_temple
Lair:1:   layout_roguey, uniq_sonja, uniq_grum
Lair:2:   layout_long_grid, grunt_megastairs_4
Lair:3:   layout_misc_corridors
Lair:4:   layout_layer_cave, nicolae_swamp_entry_splash_gauntlet,
          minmay_snake_entry_spellcaster, nicolae_volcano_entry_lava_flow,
          chequers_serial_rivers_small_a, kennysheep_rathole
Lair:5:   layout_layer_cave, serial_bayou_lagoon_a, minivault_11,
          lemuel_centaur_altar, grunt_megastairs_2, infiniplex_staircase_pool
Lair:6:   gammafunk_lair_ancient_temple, layout_layer_cave, slime_altar_2,
          grunt_megastairs_3, serial_bayou_shore_b, lemuel_fruit_tree, uniq_urug
Swamp:1:  layout_falls_marsh, serial_swamp_ruin, evilmike_swamp_ruin_house_3,
          hangedman_swamp_ruin_hall, swamp_pool1, hangedman_swamp_grove,
          uniq_nikola, uniq_roxanne, uniq_kirke
Swamp:2:  layout_falls_marsh, portal_ice_cave_entry_ice_statue_one,
          nicolae_swamp_round_clearing, swamp_pool4, st_shrine_of_shade
Swamp:3:  layout_basic_swamp, lemuel_altar_in_water, swamp_pool5, uniq_louise
Swamp:4:  swamp_basic_johnstein, layout_basic_swamp, infiniplex_staircase_pool_2
Snake:1:  layout_layer_cave, abandoned_shop, grunt_megastairs_5,
          serial_bayou_shore_b, minmay_shoptagon
Snake:2:  layout_basic, grunt_megastairs_1
Snake:3:  layout_chambers, hangedman_snake_wide_pillar_pass
Snake:4:  snake_pit, layout_onion_interference, basic_altar,
          ebering_ghost_rock_garden
Orc:1:    cheibrodos_orc_arena, layout_caves
Orc:2:    st_orc_rangers, layout_caves
Elf:1:    eino_elf_arrival_customs, layout_geoelf_octagon,
          gammafunk_ghost_grave, hangedman_elf_disciples
Elf:2:    layout_rooms, gammafunk_ghost_arena, drop_trap
Elf:3:    minmay_elf_hall_quartered_circle, layout_geoelf_octagon, serial_shops,
          shop, nicolae_shop_crystal, nicolae_shop_crystal, shop, shop
Vaults:1: v_misc_25, vaults_mumra_minichess, grunt_vaults_hallway_long,
          nicolae_vaults_network_s, nicolae_vaults_ring_of_whatevers,
          vaults_dpeg_hooks, layout_vaults_omnigrid, serial_shops, shop,
          uniq_donald
Vaults:2: nicolae_vaults_ring_of_whatevers, v_misc_9, grunt_vaults_swirl,
          ontoclasm_vaults_pinch, vaults_mumra_minichess_inversion, v_misc_10,
          v_misc_27, vaults_room_semicircle, nicolae_vaults_little_ls,
          grunt_vaults_bifocal, minmay_crypt_entry_simple_box,
          layout_vaults_chaotic_city
Vaults:3: vaults_room_guarded_vault, nicolae_vaults_little_squares_5,
          nicolae_vaults_network_star, vaults_standard_mumra_enter_the_diamond,
          grunt_vaults_hallway_short, nicolae_vaults_network_square, v_misc_29,
          hangedman_vaults_trim, nicolae_vaults_theta, dpeg_vaults_monster_box,
          ontoclasm_vaults_misaligned, vaults_dpeg_diagonal, layout_vaults_ring
Vaults:4: nicolae_vaults_display_case, vaults_room_ringed_pool, serial_ice_b,
          v_misc_17, vaults_standard_mumra_x, serial_ice_g, v_misc_28,
          ontoclasm_vaults_eye, layout_vaults_maze_snakey, serial_shops,
          nicolae_shop_waterfront
Vaults:5: serial_shops, uniq_margery
Crypt:1:  layout_rooms, basic_altar, st_stairs_1,
          lemuel_mausoleum_altar_kikubaaqudgha
Crypt:2:  layout_gridlike, st_stairs_4, grunt_ministairs_2, lemuel_elevator,
          uniq_bai_suzhen, uniq_saint_roka, uniq_xtahua
Crypt:3:  grunt_crypt_end_deaths_head, uniq_frederick
Depths:1: layout_small_grid, enter_ziggurat_d, hell_entry, nrook_mini_vaults,
          minmay_mirror_moons_of_madness
Depths:2: minmay_imperfect_grid, layout_basic, hell_entry, serial_shops, shop,
          minmay_shop_grove, uniq_asterion
Depths:3: grunt_forest_end_chambers, layout_cave_pools,
          grunt_pan_entry_in_and_out, grunt_mini_vestibule, abyss_entry,
          lemuel_crystal_altar, minmay_staircase_windowed_large
Depths:4: ragdoll_tomb_raider, layout_basic, abyss_entry, hell_entry, uniq_mara
Depths:5: grunt_zot_entry_gee_three, layout_gridlike, hell_entry, uniq_mennas
Hell
Coc:1:    layout_ice_bergs
Coc:2:    layout_ice_bergs
Coc:3:    layout_ice_bergs
Coc:4:    layout_ice_bergs
Coc:5:    layout_cocytus_water_paths
Coc:6:    layout_ice_bergs
Coc:7:    coc_old

Skill      XL: |  1  2  3  4  5  6  7  8  9 10 11 12 13 14 15 16 17 18 19 20 21 22 23 24 25 26 27 |
---------------+----------------------------------------------------------------------------------+-----
Armour         | 4 5 6 7 8 9 11 12 14 15 16 17 18 19 20 21 22 27 | 27.0
Fighting       | 4 5 6 8 9 10 12 13 14 15 16 17 18 19 20 21 23 24 25 27 | 27.0
Axes           | 3 4 5 6 8 10 11 13 14 15 16 17 19 20 21 22 23 24 27 | 27.0
Shields        | 4 5 6 7 8 9 11 12 14 15 16 17 18 19 20 21 | 21.2
Dodging        | 1 2 3 4 5 |  5.8
Invocations    | 1 2 3 5 6 7 8 9 10 11 12 13 14 15 16 17 18 25 | 25.9
Long Blades    | 5 7 8 |  8.8
Stealth        | 1 2 |  2.6
Evocations     | 1 2 3 7 |  7.9

Action                   |  1- 3 |  4- 6 |  7- 9 | 10-12 | 13-15 | 16-18 | 19-21 | 22-24 | 25-27 || total
-------------------------+-------+-------+-------+-------+-------+-------+-------+-------+-------++-------
Melee: War axe           |    73 |   175 |   249 |    52 |       |       |       |       |       ||   549
       Headbutt          |    10 |    26 |    46 |    91 |   116 |   260 |   187 |   445 |   853 ||  2034
       Battleaxe         |       |       |       |   214 |   198 |       |       |       |  2445 ||  2857
       Scimitar          |       |       |       |    82 |   132 |     3 |       |       |       ||   217
       Broad axe         |       |       |       |       |     4 |   915 |   666 |  1214 |   332 ||  3131
Invok: Summon Divine War |       |       |       |     1 |     1 |     5 |     4 |     2 |    10 ||    23
       Cleansing Flame   |       |       |       |     1 |       |     7 |     3 |     3 |     5 ||    19
 Abil: Evoke Flight      |       |       |       |       |       |       |       |       |     6 ||     6
       Evoke Blink       |       |       |       |       |       |       |       |       |     2 ||     2
Evoke: Wand              |       |       |       |     1 |       |     8 |     9 |       |     4 ||    22
       Tin of tremorston |       |       |       |       |       |     3 |     2 |       |       ||     5
       Lightning rod     |       |       |       |       |       |       |       |       |     4 ||     4
       Phantom mirror    |       |       |       |       |       |       |       |       |     1 ||     1
  Use: Scroll            |     2 |     4 |     2 |    10 |     6 |    10 |     3 |    17 |    15 ||    69
       Potion            |       |       |       |     4 |     5 |    15 |    12 |     1 |    17 ||    54
Armor: Scale mail        |    33 |    42 |     7 |       |       |       |       |       |       ||    82
       Chain mail        |       |       |    22 |       |   176 |    48 |       |       |       ||   246
       Plate armour      |       |       |    41 |   196 |    35 |   304 |   123 |   196 |       ||   895
       Gold dragon scale |       |       |       |       |       |       |       |    27 |  1764 ||  1791
Dodge: Dodged            |    30 |    35 |    34 |   114 |   171 |   278 |    84 |   163 |  1203 ||  2112
       Repelled          |       |       |       |       |       |    20 |    23 |     7 |    60 ||   110
Block: Kite shield       |    68 |   135 |   173 |    25 |       |   497 |       |       |       ||   898
       Reflection        |     2 |     4 |     6 |     5 |     7 |   105 |   134 |   110 |    12 ||   385
       Other             |       |       |       |    60 |    65 |    18 |       |       |   165 ||   308
       Tower shield      |       |       |       |       |       |   331 |   676 |  1105 |   411 ||  2523
       Rpst.: Scimitar   |       |       |       |     5 |    19 |     1 |       |       |       ||    25

Table legend: (Time is in decaauts)
 A = Elapsed time spent in this place.
 B = Non-inter-level travel time spent in this place.
 C = Inter-level travel time spent in this place.
 D = Time resting spent in this place.
 E = Time spent auto-exploring this place.
 F = Levels seen in this place.
 G = Mean time per level.
                   A        B        C        D        E       F      G
               +--------+--------+--------+--------+--------+-----+--------+
         Total |  70167 |  65828 |   4339 |   5142 |  45771 |  62 | 1131.7 |
       Dungeon |  15166 |  13594 |   1572 |    419 |  10760 |  15 | 1011.1 |
        Temple |     20 |     11 |      9 |      0 |      3 |   1 |   20.0 |
          Lair |  10839 |  10178 |    661 |   1023 |   7968 |   6 | 1806.5 |
         Swamp |   5226 |   5023 |    203 |   1024 |   3150 |   4 | 1306.5 |
     Snake Pit |   5434 |   5145 |    289 |    790 |   3562 |   4 | 1358.5 |
  Orcish Mines |   1721 |   1537 |    184 |      0 |   1195 |   2 |  860.5 |
   Elven Halls |   4249 |   3947 |    302 |    430 |   2576 |   3 | 1416.3 |
        Vaults |   8260 |   7931 |    329 |    738 |   5425 |   5 | 1652.0 |
         Crypt |   3145 |   2907 |    238 |      0 |   2123 |   3 | 1048.3 |
        Depths |   7053 |   6531 |    522 |    415 |   5064 |   5 | 1410.6 |
          Hell |    794 |    780 |     14 |     12 |    429 |   1 |  794.0 |
       Cocytus |   2572 |   2558 |     14 |    200 |   1083 |   7 |  367.4 |
         Abyss |   4914 |   4914 |      0 |      0 |   2046 |   4 | 1228.5 |
      Ice Cave |    474 |    474 |      0 |     45 |    278 |   1 |  474.0 |
       Volcano |    294 |    294 |      0 |     46 |    104 |   1 |  294.0 |
               +--------+--------+--------+--------+--------+-----+--------+

Top non-repeatable levels by time:
 Abyss:3: 3068 daAuts
  Lair:6: 2992 daAuts
Depths:4: 2416 daAuts
  Lair:5: 2035 daAuts
Vaults:4: 2015 daAuts
Vaults:5: 1947 daAuts
 Snake:3: 1938 daAuts
  Lair:4: 1910 daAuts
 Abyss:1: 1819 daAuts
     D:9: 1701 daAuts
Vaults:1: 1648 daAuts
     D:3: 1580 daAuts
   Elf:3: 1554 daAuts
  Lair:1: 1530 daAuts
Depths:2: 1522 daAuts
